 Dungeon Sprint DCSS version 0.29-a0-284-gf9362112df (webtiles) character file.

Game seed: 11351902609199342915

243055 mhtbhm the Conqueror (level 17, -11/191 HPs)
             Began as a Minotaur Berserker on Mar 24, 2022.
             Was the Champion of Trog.
             Killed from afar by a Hell Sentinel (45 damage)
             ... with damnation
             ... summoned by Dispater
             ... in the Dungeon (Sprint III: "The Ten Rune Challenge").
             The game lasted 00:42:27 (17895 turns).

mhtbhm the Conqueror (Minotaur Berserker)          Turns: 17895, Time: 00:42:28

Health: -11/191    AC: 51    Str: 26    XL:     17   Next: 59%
Magic:  14/14      EV: 16    Int:  4    God:    Trog [******]
Gold:   2009       SH: 20    Dex: 13    Spells: 16/16 levels left

rFire   + . .      SeeInvis .   p - +8 mithril axe "Arga" {speed, Will+}
rCold   + + .      Faith    .   K - +2 tower shield {reflect}
rNeg    + + +      Spirit   .   b - +12 gold dragon scales of Rotation {*Corrode rPois rF+ rC+ rN+++ Str-3 Slay+6}
rPois   +          Reflect  +   h - +2 hat of Decompression {Regen+ Dex+4}
rElec   +          Harm     .   s - +4 dragonskin cloak
rCorr   +          Rampage  .   k - +2 pair of gloves of Lust {Fly rElec Regen+ rCorr}
Will    ++++.      NoTele   +   (no boots)
Stlth   ++........              y - amulet "Dibroun" {Reflect rCorr Slay+2 SH+5}
HPRegen 3.01/turn               F - +4 ring of evasion
MPRegen 0.14/turn               L - ring of flight

@: strong-willed, on berserk cooldown, flying, regenerating, slowed, studying
Evocations, very slow
A: horns 2, retaliatory headbutt, clumsy 1, cold resistance 1, low MP 1, poison
resistance, screaming 1
}: 4/10 runes: decaying, serpentine, silver, golden
a: Renounce Religion, Berserk, Trog's Hand, Brothers in Arms


You were in the Dungeon.
You worshipped Trog.
Trog was exalted by your worship.
You visited 1 branch You collected 5126 gold pieces.
You spent 3117 gold pieces at shops.

Inventory:

Hand Weapons
 a - the +10 battleaxe "Baxtuen" {flame, rElec rCorr Str+4 Dex-5}
   (Trog gifted it to you in the Dungeon)

   It burns those it strikes, dealing additional fire damage.
   Big, fiery blades are also staple armaments of hydra-hunters.
   Str:       It affects your strength (+4).
   Dex:       It affects your dexterity (-5).
   rElec:     It insulates you from electricity.
   rCorr:     It protects you from acid and corrosion.
 n - the +6 battleaxe of Judgement {vorpal, rF+ rC+ Dex+4}
   (Trog gifted it to you in the Dungeon)

   It inflicts extra damage upon your enemies.
   Dex:       It affects your dexterity (+4).
   rF:        It protects you from fire.
   rC:        It protects you from cold.
 p - the +8 mithril axe "Arga" (weapon) {speed, Will+}
   (Trog gifted it to you in the Dungeon)

   Attacks with this weapon are significantly faster.
   Will:      It increases your willpower.
 v - a +5 vampiric executioner's axe
 R - a +0 trishula of holy wrath
Missiles
 r - 5 javelins
 t - 6 curare-tipped darts (quivered)
 D - 15 silver javelins
Armour
 b - the +12 gold dragon scales of Rotation (worn) {*Corrode rPois rF+ rC+ rN+++ Str-3 Slay+6}
   (You acquired it in the Dungeon)

   Str:       It affects your strength (-3).
   Slay:      It affects your accuracy & damage with ranged weapons and melee
   (+6).
   rF:        It protects you from fire.
   rC:        It protects you from cold.
   rPois:     It protects you from poison.
   rN:        It renders you almost immune to negative energy.
   *Corrode:  It may corrode you when you take damage.
 h - the +2 hat of Decompression (worn) {Regen+ Dex+4}
   (You found it in the Dungeon)

   Dex:       It affects your dexterity (+4).
   Regen:     It increases your rate of health regeneration.
 k - the +2 pair of gloves of Lust (worn) {Fly rElec Regen+ rCorr}
   (You acquired it in the Dungeon)

   rElec:     It insulates you from electricity.
   Fly:       It grants you flight.
   Regen:     It increases your rate of health regeneration.
   rCorr:     It protects you from acid and corrosion.
 s - the +4 dragonskin cloak (worn)
   (You took it off Tiamat in the Dungeon)

   It grants the wearer a chance to resist fire, cold, poison, electricity,
   acid, and negative energy.
 K - a +2 tower shield of reflection (worn)
 Y - the +2 hat "Meoj" {rCorr}
   (You found it in the Dungeon)

   rCorr:     It protects you from acid and corrosion.
Jewellery
 y - the amulet "Dibroun" (around neck) {Reflect rCorr Slay+2 SH+5}
   (You acquired it in the Dungeon)

   [amulet of reflection]

   It reflects blocked missile attacks.
   Slay:      It affects your accuracy & damage with ranged weapons and melee
   (+2).
   rCorr:     It protects you from acid and corrosion.
   SH:        It affects your SH (+5).
 F - a +4 ring of evasion (left hand)
 G - a ring of see invisible
 L - a ring of flight (right hand)
 M - a ring of protection from fire
 Z - the ring of Zij Wic {Fire Str+9}
   (You took it off a royal mummy in the Dungeon)

   [ring of fire]

   It enhances your fire magic.
   Str:       It affects your strength (+9).
   rF:        It protects you from fire.
   rC:        It makes you vulnerable to cold.
Wands
 o - a wand of paralysis (21)
 u - a wand of digging (5)
 E - a wand of acid (6)
 P - a wand of iceblast (11)
 V - a wand of mindburst (6)
Scrolls
 c - 7 scrolls of enchant armour
 d - 2 scrolls of acquirement
 j - a scroll of holy word
 m - 2 scrolls of torment
 x - a scroll of fear
 H - 2 scrolls of summoning
 N - a scroll of silence
 U - 7 scrolls of identify
Potions
 e - a potion of haste
 f - 2 potions of magic
 g - a potion of berserk rage
 i - 3 potions of mutation
 l - 4 potions of flight
 z - 2 potions of lignification
 A - 2 potions of cancellation
 J - a potion of ambrosia
 S - 4 potions of curing
 W - 3 potions of might
Miscellaneous
 q - a condenser vane
 w - the horn of Geryon
 I - a box of beasts
 O - a lightning rod (4/4)
 Q - a phantom mirror


   Skills:
 O Level 27 Fighting
 O Level 27 Axes
 + Level 13.3 Throwing
 O Level 27 Armour
 + Level 24.4 Dodging
 O Level 27 Stealth
 * Level 4.1 Shields
 - Level 15.7 Unarmed Combat
 + Level 20.0 Evocations


You had 16 spell levels left.
You didn't know any spells.
Your spell library was empty.

Dungeon Overview and Level Annotations

Branches:
Dungeon (1/1)

Altars:
Cheibriados
Dithmenos
Elyvilon
Fedhas
Gozag
Hepliaklqana
Kikubaaqudgha
Makhleb
Nemelex Xobeh
Okawaru
Qazlal
Ru
Sif Muna
Trog
Uskayaw
Vehumet
Wu Jian
Xom
Yredelemnul
Zin
The Shining One
Beogh
Jiyva
Lugonu

Shops:
D =[?[[?:![!![(:[*(*[=!?(

Annotations:
D Dispater


Innate Abilities, Weirdness & Mutations

You have a pair of horns on your head.
You reflexively headbutt those who attack you in melee.
You are clumsy. (Dex -2)
Your flesh is cold resistant. (rC+)
Your magical capacity is low. (-10% MP)
Your system is resistant to poisons. (rPois)
You occasionally shout uncontrollably at your foes.


Message History

You block Dispater's attack.
Your deep troll bites Dispater!!
Your deep troll claws Dispater but does no damage. x2
You strike the helpless Dispater from behind!
You slice Dispater!!
Dispater is severely wounded.
You hit the Hell Sentinel but do no damage. x2
Your deep troll bites Dispater!
Your deep troll claws Dispater but does no damage. x2
The Hell Sentinel gestures at you.
The sphere of damnation explodes!
The damnation engulfs you!!
* * * LOW HITPOINT WARNING * * *
The damnation engulfs the Hell Sentinel.
The Hell Sentinel completely resists.
The damnation engulfs Dispater.
Dispater completely resists.
The damnation engulfs the Hell Sentinel.
The Hell Sentinel completely resists.
The damnation engulfs your deep troll!!!
Dispater drinks a potion.
Dispater is healed!
The Hell Sentinel misses you. You furiously retaliate!
You headbutt the Hell Sentinel, but do no damage.
You block the Hell Sentinel's attack.
Your deep troll bites the Hell Sentinel!
Your deep troll claws the Hell Sentinel but does no damage.
Your deep troll claws the Hell Sentinel!
Unknown command.
Okay, then.
Your skin crawls.
You feel strong-willed.
Your deep troll rages.
Your deep troll bites the Hell Sentinel but does no damage.
Your deep troll claws the Hell Sentinel but does no damage.
Your deep troll claws the Hell Sentinel.
You block the Hell Sentinel's attack. The Hell Sentinel hits you.
* * * LOW HITPOINT WARNING * * *
Dispater hits your deep troll with the +4 staff of Dispater!!
Your deep troll dies!
Your deep troll's corpse disappears in a puff of smoke!
The Hell Sentinel gestures at you.
The sphere of damnation explodes!
The damnation engulfs you!!!
You die...

#∩.########### ♣...≈.°≈°..♣
#∩...........# ♣.♣.≈..≈...♣
##...........# ♣♣♣♣♣♣♣♣∩∩∩♣
############# ♣♣♣♣♣
###########################
#.'..#.......##.≈....≈.#...
#.#..'..####)##≈......≈#...
#.####..#.&§.##........#[##
#.#.[##'#.@1.##........[.[.
#.#.[#..#.1.:##........#)##
#.'..#..#.)}φ##≈......≈#≈≈≈
######''#######.≈....≈.#'#'
##.#.#).#.#.######''####.#.
#....))).....##..'.....#'##
############'###############.#[.'
........."..........#...# ##.####
........)().........#...###...###


You could see Dispater (unaware) and 2 Hell Sentinels.

Vanquished Creatures
  Tiamat (D)
  An ancient lich (D)
  Mara (D)
  Mennas (D)
  Sojobo (D)
  Boris (D)
  2 royal mummies (D)
  A Killer Klown (D)
  A golden dragon (D)
  Nikola (D)
  Geryon (D)
  A bone dragon (D)
  An electric golem (D)
  An iron giant (D)
  Rupert (D)
  A lich (D)
  2 Orb Guardians (D)
  2 Hell Sentinels (D)
  A deep elf master archer (D)
  4 deep elf blademasters (D)
  3 quicksilver dragons (D)
  An ancient champion (D)
  2 sphinxes (D)
  Harold (D)
  An Executioner (D)
  Gastronok (D)
  A storm dragon (D)
  2 shadow dragons (D)
  Roxanne (D)
  Chuck (D)
  4 azure jellies (D)
  2 draconian knights (D)
  2 frost giants (D)
  A nagaraja (D)
  An iron dragon (D)
  2 draconian scorchers (D)
  4 draconian stormcallers (D)
  4 vampire knights (D)
  4 war gargoyles (D)
  5 stone giants (D)
  2 dire elephants (D)
  Nessos (D)
  4 deep elf annihilators (D)
  Azrael (D)
  A yellow draconian (D)
  A fire dragon (D)
  9 mummy priests (D)
  3 yaktaur captains (D)
  Erolcha (D)
  A deep elf high priest (D)
  A naga warrior (D)
  18 vault guards (D)
  3 hydras (D)
  2 hell beasts (D)
  6 anacondas (D)
  An ogre mage (D)
  2 centaur warriors (D)
  4 dancing weapons (D)
  2 iron elementals (D)
  4 death yaks (D)
  Urug (D)
  2 soul eaters (D)
  3 deep elf knights (D)
  8 skeletal warriors (D)
  2 sun demons (D)
  2 golden dragon zombies (D)
  A sea snake (shapeshifter) (D)
  A spectral iron dragon (D)
  A spriggan druid (D)
  An anaconda zombie (D)
  A shadow wraith (D)
  3 death drakes (D)
  A glowing orange brain (D)
  An orange crystal statue (D)
  An obsidian statue (D)
  A lindwurm (shapeshifter) (D)
  A spectral hydra (D)
  A lindwurm (D)
  Joseph (D)
  3 deep elf pyromancers (D)
  2 oklob plants (D)
  A deep elf zephyrmancer (D)
  A wolf spider (shapeshifter) (D)
  4 crystal guardians (D)
  A faun (shapeshifter) (D)
  A shining eye (D)
  6 ugly things (D)
  An orc sorcerer (D)
  A moth of wrath (D)
  2 elephants (D)
  4 black mambas (D)
  A stone giant skeleton (D)
  8 statues (D)
  3 rust devils (D)
  A guardian serpent (D)
  An eye of devastation (shapeshifter) (D)
  A rime drake (D)
  A molten gargoyle (D)
  2 cane toads (D)
  A komodo dragon (D)
  14 yaktaurs (D)
  2 ice devils (D)
  An anaconda simulacrum (D)
  18 guardian mummies (D)
  4 spriggan defenders (D)
  8 slime creatures (D)
  8 blink frogs (D)
  2 orc high priests (D)
  3 hornets (D)
  2 tyrant leeches (D)
  2 spriggans (D)
  A shadow (D)
  5 redbacks (D)
  A golden eye (D)
  A redback (shapeshifter) (D)
  A spatial vortex (D)
  2 nagas (D)
  2 iron troll simulacra (D)
  6 water moccasins (D)
  2 floating eyes (D)
  A swamp drake (D)
  3 orc warriors (D)
  A fire dragon simulacrum (D)
  5 two-headed ogres (D)
  A necrophage (D)
  A scorpion (D)
  A water elemental (D)
  27 killer bees (D)
  3 wandering mushrooms (D)
  3 electric eels (D)
  A jelly (D)
  5 orc priests (D)
  A wizard (D)
  3 necromancers (D)
  2 orc wizards (D)
  2 polar bear simulacra (D)
  A wolf simulacrum (D)
  3 humans (D)
  A kobold demonologist (D)
  5 adders (D)
  An adder zombie (D)
  An adder simulacrum (D)
  8 orcs (D)
  2 bat zombies (D)
  An endoplasm (D)
  A ball python simulacrum (D)
  A ball python zombie (D)
  A giant cockroach zombie (D)
  4 rats (D)
  6 butterflies (D)
  5 plants (D)
401 creatures vanquished.

Vanquished Creatures (collateral kills)
  An iron golem (D)
  5 killer bees (D)
6 creatures vanquished.

Vanquished Creatures (others)
  A fire giant (D)
  A deep elf death mage (D)
  A queen bee (D)
  3 electric eels (D)
  5 ball lightnings (D)
  3 ballistomycete spores (D)
  A bush (D)
  40 plants (D)
55 creatures vanquished.

Grand Total: 462 creatures vanquished

Notes
Turn   | Place    | Note
-------+----------+-------------------------------------------
     0 | D        | mhtbhm the Minotaur Berserker began the quest for the Orb.
     0 | D        | Reached XP level 1. HP: 19/19 MP: 0/0
    15 | D        | Reached ** piety under Trog
    62 | D        | Noticed a scorpion
    70 | D        | Killed a scorpion
    71 | D        | Reached XP level 2. HP: 31/31 MP: 1/1
    71 | D        | Reached XP level 3. HP: 38/38 MP: 2/2
    80 | D        | Reached XP level 4. HP: 47/47 MP: 3/3
   229 | D        | Noticed a water elemental
   232 | D        | Killed a water elemental
   285 | D        | Found a basalt altar of Yredelemnul.
   285 | D        | Found a shadowy altar of Dithmenos.
   285 | D        | Found a sacrificial altar of Ru.
   285 | D        | Noticed a necrophage
   290 | D        | Reached *** piety under Trog
   291 | D        | Reached XP level 5. HP: 15/56 MP: 4/4
   297 | D        | Reached skill level 10 in Axes
   519 | D        | Found a glowing silver altar of Zin.
   519 | D        | Found a glowing golden altar of the Shining One.
   519 | D        | Found a white marble altar of Elyvilon.
   520 | D        | Noticed a deep elf pyromancer
   525 | D        | Killed a deep elf pyromancer
   525 | D        | Reached **** piety under Trog
   526 | D        | Reached skill level 5 in Dodging
   526 | D        | Reached XP level 6. HP: 70/70 MP: 5/5
   526 | D        | Reached XP level 7. HP: 77/77 MP: 6/6
   576 | D        | Found a radiant altar of Vehumet.
   576 | D        | Found a shimmering blue altar of Sif Muna.
   576 | D        | Found an ancient bone altar of Kikubaaqudgha.
   664 | D        | Found a hide-covered altar of Uskayaw.
   664 | D        | Found an iron altar of Okawaru.
   664 | D        | Found a bloodstained altar of Trog.
   664 | D        | Found an ornate altar of the Wu Jian Council.
   664 | D        | Noticed a human
   665 | D        | Noticed a human
   668 | D        | Killed a human
   668 | D        | Reached ***** piety under Trog
   676 | D        | Killed a human
   867 | D        | Noticed a shadow
   872 | D        | Received a gift from Trog
   873 | D        | Reached XP level 8. HP: 77/85 MP: 7/7
   912 | D        | Found a blossoming altar of Fedhas.
   912 | D        | Found a stormy altar of Qazlal.
   912 | D        | Found a snail-covered altar of Cheibriados.
   912 | D        | Found a burning altar of Makhleb.
   912 | D        | Found a shimmering altar of Xom.
   913 | D        | Found a hazy altar of Hepliaklqana.
   913 | D        | Found an opulent altar of Gozag.
   913 | D        | Found a sparkling altar of Nemelex Xobeh.
   913 | D        | Found a corrupted altar of Lugonu.
   913 | D        | Found a viscous altar of Jiyva.
   922 | D        | Reached skill level 15 in Axes
   944 | D        | Reached skill level 1 in Stealth
  1150 | D        | Noticed a two-headed ogre
  1175 | D        | Killed a two-headed ogre
  1336 | D        | Noticed a two-headed ogre
  1336 | D        | Noticed Erolcha
  1341 | D        | Killed Erolcha
  1342 | D        | Reached skill level 15 in Fighting
  1342 | D        | Reached XP level 9. HP: 97/97 MP: 8/8
  1348 | D        | Killed a two-headed ogre
  1412 | D        | Received a gift from Trog
  1573 | D        | Noticed a wandering mushroom
  1670 | D        | Noticed a wandering mushroom
  1672 | D        | Noticed a wandering mushroom
  1973 | D        | Noticed a cane toad
  1973 | D        | Noticed a komodo dragon
  1973 | D        | Noticed a cane toad
  1984 | D        | Killed a cane toad
  1987 | D        | Killed a cane toad
  1990 | D        | Killed a komodo dragon
  1991 | D        | Reached XP level 10. HP: 108/108 MP: 3/9
  2646 | D        | Reached ****** piety under Trog
  2799 | D        | Noticed a lindwurm
  2804 | D        | Killed a lindwurm
  2804 | D        | Identified the +6 battleaxe of Judgement {vorpal, rF+ rC+
                  | Dex+4} (Trog gifted it to you in the Dungeon)
  2804 | D        | Received a gift from Trog
  2805 | D        | Reached skill level 10 in Dodging
  3158 | D        | Noticed Urug
  3163 | D        | Killed Urug
  3395 | D        | Found Idyss's Antique Armour Shoppe.
  3396 | D        | Noticed an orc sorcerer
  3406 | D        | Received a gift from Trog
  3407 | D        | Killed an orc sorcerer
  3410 | D        | Received a gift from Trog
  3493 | D        | Bought a pair of embroidered gloves for 187 gold pieces
  3514 | D        | Noticed a deep elf pyromancer
  3514 | D        | Noticed a deep elf pyromancer
  3514 | D        | Noticed a deep elf knight
  3514 | D        | Noticed a deep elf zephyrmancer
  3514 | D        | Noticed a deep elf knight
  3525 | D        | Killed a deep elf knight
  3526 | D        | Reached skill level 5 in Stealth
  3526 | D        | Killed a deep elf pyromancer
  3526 | D        | Received a gift from Trog
  3527 | D        | Reached XP level 11. HP: 121/121 MP: 10/10
  3529 | D        | Killed a deep elf knight
  3532 | D        | Noticed a deep elf annihilator
  3533 | D        | Killed a deep elf pyromancer
  3535 | D        | Killed a deep elf zephyrmancer
  3536 | D        | Reached skill level 10 in Armour
  3823 | D        | Noticed Harold
  3824 | D        | Noticed Joseph
  3828 | D        | Killed Harold
  3828 | D        | Received a gift from Trog
  3833 | D        | Killed Joseph
  4160 | D        | Noticed an orange crystal statue
  4170 | D        | Killed an orange crystal statue
  4171 | D        | Reached skill level 1 in Evocations
  4181 | D        | Found Hiufrof's Antique Weapon Emporium.
  4181 | D        | Found Vowu Hegg's Antique Armour Shop.
  4181 | D        | Found Noacuhic's Weapon Shoppe.
  4181 | D        | Found Mefo's Assorted Antiques.
  4181 | D        | Found Weumej's General Store.
  4181 | D        | Found Yhaefod's Magic Scroll Shop.
  4181 | D        | Found Luhack's Distillery.
  4181 | D        | Found Pedih's Jewellery Boutique.
  4182 | D        | Found Piblypol's Antique Armour Shoppe.
  4182 | D        | Found Xeillups's Book Shop.
  4182 | D        | Found Lygifiuf's Antique Weapon Emporium.
  4238 | D        | Bought a potion of heal wounds for 60 gold pieces
  4241 | D        | Bought a scroll of acquirement for 728 gold pieces
  4241 | D        | Bought a scroll of blinking for 105 gold pieces
  4283 | D        | Received a gift from Trog
  4371 | D        | Noticed a wolf spider
  4373 | D        | Killed a wolf spider
  4377 | D        | Noticed a fire dragon
  4383 | D        | Killed a fire dragon
  4426 | D        | Noticed a centaur warrior
  4435 | D        | Killed a centaur warrior
  4509 | D        | Noticed a +4 vampiric hand axe
  4509 | D        | Noticed a +0 vorpal morningstar
  4522 | D        | Killed a +0 vorpal morningstar
  4522 | D        | Received a gift from Trog
  4699 | D        | Killed a +4 vampiric hand axe
  4700 | D        | Reached XP level 12. HP: 123/134 MP: 11/11
  4778 | D        | Identified the +2 demon trident of Shame {vamp, rF+ Dex+2}
  5147 | D        | Received a gift from Trog
  5158 | D        | Noticed Rupert
  5165 | D        | Paralysed by Rupert for 4 turns
  5166 | D        | Killed Rupert
  5236 | D        | Noticed a death yak
  5237 | D        | Noticed a death yak
  5238 | D        | Noticed a death yak
  5241 | D        | Noticed a death yak
  5244 | D        | Killed a death yak
  5249 | D        | Killed a death yak
  5250 | D        | Reached skill level 1 in Throwing
  5255 | D        | Killed a death yak
  5259 | D        | Killed a death yak
  5271 | D        | Received a gift from Trog
  5342 | D        | Noticed an azure jelly
  5342 | D        | Noticed an azure jelly
  5358 | D        | Noticed an anaconda
  5365 | D        | Killed an anaconda
  5365 | D        | Received a gift from Trog
  5382 | D        | Noticed an anaconda
  5387 | D        | Killed an anaconda
  5490 | D        | Noticed an anaconda
  5490 | D        | Noticed an anaconda
  5490 | D        | Noticed an anaconda
  5490 | D        | Noticed an anaconda
  5493 | D        | Killed an anaconda
  5500 | D        | Killed an anaconda
  5500 | D        | Received a gift from Trog
  5500 | D        | Killed an anaconda
  5501 | D        | Reached skill level 15 in Armour
  5501 | D        | Reached XP level 13. HP: 81/148 MP: 12/12
  5730 | D        | Noticed a nagaraja
  5732 | D        | Found Poewn's Jewellery Boutique.
  5732 | D        | Found Vemmoiwn's Antique Armour Emporium.
  5734 | D        | Found Agaurida's Magic Scroll Shop.
  5741 | D        | Killed a nagaraja
  5746 | D        | Received a gift from Trog
  6088 | D        | Bought an embroidered cloak for 142 gold pieces
  6094 | D        | Bought a scroll of enchant weapon for 97 gold pieces
  6094 | D        | Bought a scroll of enchant weapon for 97 gold pieces
  6096 | D        | Acquired 954 gold pieces
  6112 | D        | Got a serpentine rune of Zot
  6177 | D        | Noticed an azure jelly
  6177 | D        | Noticed an azure jelly
  6209 | D        | Killed an azure jelly
  6215 | D        | Killed an azure jelly
  6217 | D        | Killed an azure jelly
  6222 | D        | Killed an azure jelly
  6277 | D        | Noticed a dire elephant
  6277 | D        | Noticed a dire elephant
  6277 | D        | Noticed Gastronok
  6284 | D        | Killed a dire elephant
  6288 | D        | Killed a dire elephant
  6288 | D        | Received a gift from Trog
  6296 | D        | Killed Gastronok
  6489 | D        | Received a gift from Trog
  6495 | D        | Identified the +7 battleaxe of the Ecumenical Temple
                  | {vorpal, rN+} (Trog gifted it to you in the Dungeon)
  6495 | D        | Received a gift from Trog
  6501 | D        | Received a gift from Trog
  6509 | D        | Received a gift from Trog
  6667 | D        | Received a gift from Trog
  7166 | D        | Received a gift from Trog
  7284 | D        | Found Igaurhaify's Antique Armour Emporium.
  7284 | D        | Found Tiedomod's Magic Scroll Shop.
  7645 | D        | Found Ofoahyn's Book Shoppe.
  7652 | D        | Bought a scroll of enchant weapon for 97 gold pieces
  7997 | D        | Got a decaying rune of Zot
  8014 | D        | HP: 6/152 [poison (dark miasma)]
  8528 | D        | Received a gift from Trog
  8804 | D        | Noticed a bone dragon
  8815 | D        | Killed a bone dragon
  8816 | D        | Reached XP level 14. HP: 145/166 MP: 13/13
  8877 | D        | Received a gift from Trog
  8893 | D        | Noticed a vampire knight
  8899 | D        | Killed a vampire knight
  8904 | D        | Noticed a vampire knight
  8906 | D        | Killed a vampire knight
  8932 | D        | Received a gift from Trog
  8933 | D        | Reached skill level 27 in Fighting
  8959 | D        | Reached skill level 10 in Stealth
  8969 | D        | Noticed a sphinx
  8969 | D        | Noticed a sphinx
  8974 | D        | Paralysed by a sphinx for 4 turns
  8982 | D        | Killed a sphinx
  8983 | D        | Reached skill level 27 in Axes
  8987 | D        | Killed a sphinx
  8987 | D        | Received a gift from Trog
  9298 | D        | Received a gift from Trog
  9668 | D        | Reached skill level 15 in Dodging
 10193 | D        | Bought a scroll of enchant weapon for 97 gold pieces
 10207 | D        | Bought a scroll of enchant armour for 97 gold pieces
 10208 | D        | Bought a scroll of holy word for 180 gold pieces
 10208 | D        | Bought a scroll labelled CUYMUH KIUMO for 24 gold pieces
 10210 | D        | Bought a scroll of identify for 28 gold pieces
 10210 | D        | Bought a scroll of identify for 28 gold pieces
 10210 | D        | Bought a scroll of identify for 28 gold pieces
 10210 | D        | Bought a scroll of identify for 28 gold pieces
 10239 | D        | Received a gift from Trog
 10372 | D        | Noticed Boris
 10382 | D        | Received a gift from Trog
 10389 | D        | Killed Boris
 10557 | D        | Found Comoegh's Armour Emporium.
 10557 | D        | Found Wienkil's Distillery.
 10557 | D        | Found Mayrgh's Distillery.
 10557 | D        | Found Urearay's Armour Shoppe.
 10560 | D        | Identified the +10 battleaxe "Baxtuen" {flame, rElec rCorr
                  | Str+4 Dex-5} (Trog gifted it to you in the Dungeon)
 10560 | D        | Received a gift from Trog
 10712 | D        | Received a gift from Trog
 10713 | D        | Reached skill level 15 in Stealth
 10776 | D        | Identified Roxanne's Collected Works on Shape Shifting
 10776 | D        | Noticed Roxanne
 10791 | D        | Killed Roxanne
 11105 | D        | Found Allad's Distillery.
 11209 | D        | Bought a potion of heal wounds for 65 gold pieces
 11231 | D        | Noticed Nikola
 11231 | D        | Noticed a storm dragon
 11251 | D        | Killed a storm dragon
 11256 | D        | Killed Nikola
 11256 | D        | Received a gift from Trog
 11516 | D        | Received a gift from Trog
 11517 | D        | Reached XP level 15. HP: 169/174 MP: 14/14
 11683 | D        | Noticed Chuck
 11696 | D        | Noticed Sojobo
 11724 | D        | Killed Sojobo
 11869 | D        | Noticed a lich
 11882 | D        | Killed a lich
 11949 | D        | Noticed a shadow dragon
 11949 | D        | Noticed a shadow dragon
 11962 | D        | Killed a shadow dragon
 11962 | D        | Identified the +5 battleaxe of Osaffisera {antimagic, rF+
                  | Str+4 Int-3 SInv} (Trog gifted it to you in the Dungeon)
 11962 | D        | Received a gift from Trog
 11962 | D        | Killed a shadow dragon
 12157 | D        | Noticed a quicksilver dragon
 12157 | D        | Noticed a frost giant
 12157 | D        | Noticed a golden dragon
 12157 | D        | Noticed a quicksilver dragon
 12157 | D        | Noticed a quicksilver dragon
 12166 | D        | Received a gift from Trog
 12173 | D        | Killed a quicksilver dragon
 12180 | D        | Received a gift from Trog
 12183 | D        | Killed a quicksilver dragon
 12188 | D        | Killed a golden dragon
 12191 | D        | Killed a frost giant
 12191 | D        | Received a gift from Trog
 12192 | D        | Identified the ring "Tadugho" {rPois Dex+3}
 12207 | D        | Killed a quicksilver dragon
 12212 | D        | Received a gift from Trog
 12224 | D        | Identified the +7 spear "Sasoseits" {vorpal, Will++ Str+4}
                  | (Trog gifted it to you in the Dungeon)
 12224 | D        | Received a gift from Trog
 12258 | D        | Got a silver rune of Zot
 12543 | D        | Killed Chuck
 12544 | D        | Reached skill level 27 in Armour
 12544 | D        | Reached skill level 5 in Evocations
 12963 | D        | Noticed Azrael
 12965 | D        | Killed Azrael
 13001 | D        | Acquired the +12 gold dragon scales of Rotation {*Corrode
                  | rPois rF+ rC+ rN+++ Str-3 Slay+6}
 13085 | D        | Noticed a deep elf master archer
 13287 | D        | Killed a deep elf master archer
 13289 | D        | Killed a ghostly deep elf master archer
 13289 | D        | Received a gift from Trog
 13295 | D        | Reached XP level 16. HP: 183/183 MP: 15/15
 13324 | D        | Identified the ring of Hard Scrabble {rF- Will+ Int+4
                  | Dex+6}
 13324 | D        | Identified the amulet of Undoing {RegenMP Str+2 Dex+4}
 13328 | D        | Identified the +2 hat "Meoj" {rCorr}
 13524 | D        | Noticed Mennas
 13568 | D        | Killed Mennas
 13840 | D        | Acquired the +2 pair of gloves of Lust {Fly rElec Regen+
                  | rCorr}
 13857 | D        | Acquired 956 gold pieces
 13897 | D        | Reached skill level 5 in Throwing
 13907 | D        | Received a gift from Trog
 14010 | D        | Received a gift from Trog
 14098 | D        | Noticed an Executioner
 14102 | D        | Killed an Executioner
 14118 | D        | Noticed Nessos
 14124 | D        | Killed Nessos
 14124 | D        | Received a gift from Trog
 14377 | D        | Noticed a deep elf blademaster
 14377 | D        | Noticed a deep elf blademaster
 14378 | D        | Noticed a deep elf blademaster
 14378 | D        | Noticed a deep elf blademaster
 14388 | D        | Killed a deep elf blademaster
 14389 | D        | Reached skill level 10 in Evocations
 14392 | D        | Killed a deep elf blademaster
 14395 | D        | Killed a deep elf blademaster
 14395 | D        | Received a gift from Trog
 14395 | D        | Killed a deep elf blademaster
 14465 | D        | Noticed a Killer Klown
 14486 | D        | Killed a Killer Klown
 14643 | D        | Noticed an Orb Guardian
 14643 | D        | Noticed an Orb Guardian
 14646 | D        | Killed an Orb Guardian
 14654 | D        | Killed an Orb Guardian
 14713 | D        | Noticed an ancient lich
 14729 | D        | Killed an ancient lich
 14729 | D        | Received a gift from Trog
 14730 | D        | Reached skill level 5 in Unarmed Combat
 15001 | D        | Noticed an electric golem
 15005 | D        | Killed an electric golem
 15274 | D        | Found the +4 dragonskin cloak
 15274 | D        | Noticed Tiamat
 15287 | D        | Received a gift from Trog
 15287 | D        | Found the +8 mithril axe "Arga" {speed, Will+}
 15294 | D        | Killed Tiamat
 15855 | D        | Noticed Mara
 15857 | D        | Noticed mhtbhm's illusion
 15862 | D        | Received a gift from Trog
 15867 | D        | Killed Mara
 15868 | D        | Reached skill level 27 in Stealth
 15868 | D        | Reached XP level 17. HP: 191/191 MP: 16/16
 15870 | D        | Reached skill level 10 in Throwing
 15870 | D        | Reached skill level 10 in Unarmed Combat
 15918 | D        | Received a gift from Trog
 15919 | D        | Identified the +1 scale mail of Catatonia {Rampage}
 16173 | D        | Found a blossoming altar of Fedhas.
 16305 | D        | Bought a potion of curing for 36 gold pieces
 16305 | D        | Bought 2 potions of might for 96 gold pieces
 16465 | D        | Identified the ring of Zij Wic {Fire Str+9}
 16465 | D        | Noticed a royal mummy
 16469 | D        | Received a gift from Trog
 16469 | D        | Noticed a royal mummy
 16477 | D        | Killed a royal mummy
 16477 | D        | Received a gift from Trog
 16478 | D        | Reached skill level 15 in Evocations
 16488 | D        | Killed a royal mummy
 16630 | D        | Identified the ring "Irrowex" {rF+ MP+9 Int+4}
 16643 | D        | Got a golden rune of Zot
 16680 | D        | Gained mutation: You are frail. (-10% HP) [mutagenic glow]
 16687 | D        | Gained mutation: You are weak. (Str -2) [mutagenic glow]
 16704 | D        | Lost mutation: You are weak. (Str -2) [potion of mutation]
 16704 | D        | Lost mutation: You are frail. (-10% HP) [potion of
                  | mutation]
 16704 | D        | Gained mutation: You occasionally shout uncontrollably at
                  | your foes. [potion of mutation]
 16704 | D        | Gained mutation: Your flesh is cold resistant. (rC+)
                  | [potion of mutation]
 16704 | D        | Gained mutation: Your system is resistant to poisons.
                  | (rPois) [potion of mutation]
 16707 | D        | Gained mutation: You are clumsy. (Dex -2) [mutagenic glow]
 16715 | D        | Gained mutation: Your magical capacity is low. (-10% MP)
                  | [mutagenic glow]
 16776 | D        | Acquired 278 gold pieces
 16781 | D        | Acquired a manual of Evocations
 16851 | D        | Bought 2 potions of curing for 144 gold pieces
 16851 | D        | Bought a potion of haste for 240 gold pieces
 16851 | D        | Bought a scroll of summoning for 228 gold pieces
 16852 | D        | Bought a potion of curing for 39 gold pieces
 16852 | D        | Bought a potion of might for 52 gold pieces
 16977 | D        | Bought a scroll of enchant armour for 97 gold pieces
 16977 | D        | Bought a scroll of enchant armour for 97 gold pieces
 17186 | D        | Noticed Geryon
 17192 | D        | Received a gift from Trog
 17198 | D        | Identified the +7 battleaxe of Triumph {antimagic, Fly
                  | Will+ Dex+2} (Trog gifted it to you in the Dungeon)
 17198 | D        | Received a gift from Trog
 17209 | D        | Killed Geryon
 17267 | D        | Acquired the amulet "Dibroun" {Reflect rCorr Slay+2 SH+5}
 17312 | D        | Noticed an iron giant
 17318 | D        | Killed an iron giant
 17319 | D        | Reached skill level 15 in Unarmed Combat
 17321 | D        | Received a gift from Trog
 17325 | D        | Reached skill level 1 in Shields
 17672 | D        | Noticed a Hell Sentinel
 17681 | D        | Killed a Hell Sentinel
 17684 | D        | Identified the +2 hat of Decompression {Regen+ Dex+4}
 17869 | D        | Noticed a Hell Sentinel
 17869 | D        | Found the +4 staff of Dispater
 17869 | D        | Noticed Dispater
 17870 | D        | Noticed a Hell Sentinel
 17872 | D        | Noticed a Hell Sentinel
 17879 | D        | Noticed a Hell Sentinel
 17881 | D        | Killed a Hell Sentinel
 17881 | D        | Received a gift from Trog
 17895 | D        | Killed from afar by a Hell Sentinel

Illustrated notes

Levels and vault maps discovered:
D:        dungeon_sprint_mu [sprint_mu_entry_forest, sprint_mu_temple_rooms,
          sprint_mu_d1_spiders, sprint_mu_d2_genie, sprint_mu_d3_branching,
          sprint_mu_orc_legion, sprint_mu_elf_gauntlet, sprint_mu_hive_nellie,
          sprint_mu_lair_fedhas, sprint_mu_vaults_butterflies,
          sprint_mu_slime_circle, sprint_mu_swamp_cave, sprint_mu_snake_twists,
          sprint_mu_blade_basic, sprint_mu_crypt_chambers,
          sprint_mu_tomb_spiral, sprint_mu_vestibule_basic,
          sprint_mu_gehenna_hellfire, sprint_mu_dis_giant,
          sprint_mu_tartarus_statrot, sprint_mu_cocytus_islands, sprint_mu_zot1]

Skill      XL: |  1  2  3  4  5  6  7  8  9 10 11 12 13 14 15 16 17 |
---------------+----------------------------------------------------+-----
Fighting       | 6 7 8 12 15 16 18 20 23 26 27 | 27.0
Axes           | 6 7 9 13 14 16 18 20 22 24 26 27 | 27.0
Armour         | 3 4 6 7 8 9 12 15 18 22 27 | 27.0
Dodging        | 3 4 5 6 8 9 10 11 13 14 16 18 21 24 | 24.4
Stealth        | 1 2 5 7 8 9 16 21 27 | 27.0
Evocations     | 1 2 6 14 20 | 20.0
Throwing       | 2 3 9 13 | 13.3
Unarmed Combat | 9 15 | 15.7
Shields        | 4 |  4.1

Action                   |  1- 3 |  4- 6 |  7- 9 | 10-12 | 13-15 | 16-18 || total
-------------------------+-------+-------+-------+-------+-------+-------++-------
Melee: Hand axe          |    17 |    16 |   109 |    47 |       |       ||   189
       Punch             |     1 |       |     1 |       |       |       ||     2
       Headbutt          |     1 |     4 |    23 |    53 |    86 |    69 ||   236
       Battleaxe         |       |       |       |   183 |   435 |   246 ||   864
       Unarmed           |       |       |       |       |       |     8 ||     8
       Broad axe         |       |       |       |       |       |    19 ||    19
Throw: Dart              |       |       |       |     3 |     3 |     4 ||    10
Invok: Berserk           |     1 |     3 |     6 |     8 |    14 |    11 ||    43
       Brothers in Arms  |       |       |       |       |       |     8 ||     8
       Trog's Hand       |       |       |       |       |       |     3 ||     3
Evoke: Condenser vane    |       |       |       |     2 |     6 |     3 ||    11
       Wand              |       |       |       |       |     3 |     2 ||     5
       Horn of Geryon    |       |       |       |       |       |     1 ||     1
  Use: Potion            |       |       |     1 |     1 |     2 |     9 ||    13
       Scroll            |       |       |       |     3 |    13 |    10 ||    26
 Stab: Confused          |       |       |       |     3 |     5 |       ||     8
       Sleeping          |       |       |       |     4 |    13 |       ||    17
       Distracted        |       |       |       |       |       |     2 ||     2
Armor: Animal skin       |       |     1 |     5 |       |       |       ||     6
       Leather armour    |       |       |     6 |     6 |       |       ||    12
       Scale mail        |       |       |       |    22 |       |       ||    22
       Chain mail        |       |       |       |    22 |   222 |       ||   244
       Gold dragon scale |       |       |       |       |     1 |   202 ||   203
Dodge: Dodged            |     4 |     1 |    53 |   104 |   226 |   200 ||   588
Block: Tower shield      |       |       |       |       |       |    28 ||    28
       Other             |       |       |       |       |       |     5 ||     5

Table legend: (Time is in decaauts) A = Elapsed time spent in this place. B = Non-inter-level travel time spent in this place. C = Inter-level travel time spent in this place. D = Time resting spent in this place. E = Time spent auto-exploring this place. F = Levels seen in this place. G = Mean time per level. A B C D E F G +--------+--------+--------+--------+--------+-----+--------+ Total | 18025 | 17678 | 347 | 12186 | 12 | 1 | 18025.0 | Dungeon | 18025 | 17678 | 347 | 12186 | 12 | 1 | 18025.0 | +--------+--------+--------+--------+--------+-----+--------+

Top non-repeatable levels by time:
       D: 18025 daAuts
